Map: Odyssey LE

Players

ShoWTimE

  • Race: Protoss Protoss
  • Spawn Location: 11:00

Strange - Winner!

  • Race: Protoss Protoss
  • Spawn Location: 5:00

Event: WCS Valencia 2017

VOD

Have the link to the VOD?

Description

Time

  • Played on: July 13, 2017, 9:51 a.m.
  • Length: 12:48

All games in this series

Show
View Real Time Build Order
Export as new Build Order

ShoWTimE Protoss 

Build Orders: Zealot Archon 

Get SALT Encoding   

  12  0:00  Probe (Chrono Boost)  
  13  0:11  Probe (Chrono Boost)  
  14  0:17  Pylon  
  14  0:22  Probe (Chrono Boost)  
  16  0:35  Probe (Chrono Boost)  
  16  0:36  Gateway  
  16  0:42  Assimilator  
  16  0:46  Probe (Chrono Boost)  
  17  0:50  Assimilator  
  17  0:56  Probe (Chrono Boost)  
  18  1:07  Probe (Chrono Boost)  
  19  1:11  Gateway  
  19  1:17  Probe (Chrono Boost)  
  20  1:23  Cybernetics Core  
  20  1:28  Probe (Chrono Boost)  
  21  1:38  Pylon  
  21  1:39  Probe (Chrono Boost)  
  22  1:49  Probe (Chrono Boost)  
  23  2:00  Stalker x2, Warp Gate (Chrono Boost)  
  27  2:08  Mothership Core (Chrono Boost)  
  29  2:13  Pylon  
  29  2:31  Stalker  
  29  2:32  Stalker  
  33  2:55  Nexus  
  33  2:58  Probe  
  33  3:04  Sentry x2  
  38  3:11  Pylon  
  38  3:14  Probe  
  39  3:28  Robotics Facility  
  39  3:29  Probe  
  40  3:42  Probe  
  40  3:47  Twilight Council  
  41  3:54  Probe  
  42  3:56  Adept x2  
  46  4:05  Probe  
  46  4:06  Probe  
  48  4:11  Phoenix  
  48  4:16  Observer (Chrono Boost), Probe  
  49  4:18  Probe  
  49  4:19  Pylon  
  51  4:28  Probe  
  51  4:30  Probe  
  53  4:31  Blink (Chrono Boost)  
  53  4:40  Probe  
  53  4:41  Forge  
  53  4:42  Probe  
  55  4:47  Immortal  
  55  4:52  Probe  
  60  4:54  Probe, Phoenix  
  59  5:04  Probe  
  59  5:06  Probe  
  59  5:16  Probe  
  59  5:17  Nexus  
  59  5:18  Pylon, Protoss Ground Weapons Level 1 (Chrono Boost)  
  60  5:23  Probe, Immortal  
  61  5:30  Probe  
  67  5:35  Probe, Assimilator  
  67  5:38  Assimilator  
  67  5:42  Probe  
  68  5:47  Probe  
  69  5:51  Gateway  
  69  5:52  Gateway  
  69  5:56  Gateway  
  69  6:01  Immortal  
  69  6:04  Gateway  
  73  6:13  Gateway  
  73  6:16  Probe x2  
  75  6:28  Probe x3, Pylon  
  75  6:29  Charge (Chrono Boost)  
  78  6:34  Pylon  
  78  6:35  Photon Cannon  
  78  6:40  Probe x2, Phoenix  
  78  6:41  Probe, Immortal  
  85  6:52  Probe  
  85  6:54  Probe  
  87  6:56  Probe  
  87  6:57  Templar Archives  
  87  7:00  Phoenix  
  88  7:02  Gateway  
  88  7:04  Probe  
  88  7:06  Probe  
  90  7:10  Probe  
  90  7:12  Pylon  
  90  7:14  Protoss Ground Weapons Level 2 (Chrono Boost)  
  91  7:16  Probe  
  91  7:17  Pylon  
  91  7:18  Probe  
  91  7:19  Assimilator  
  93  7:22  Probe  
  93  7:23  Assimilator  
  93  7:28  Probe  
  95  7:30  Probe  
  95  7:34  Photon Cannon  
  95  7:35  Probe  
  95  7:36  Photon Cannon  
  97  7:38  High Templar x2  
  97  7:40  Probe  
  97  7:42  High Templar  
  97  7:43  Immortal, High Templar  
  97  7:44  Archon  
  106  7:48  Pylon  
  106  7:49  Archon  
  110  7:51  Pylon  
  110  7:58  Stargate  
  110  8:01  Probe  
  111  8:06  Zealot  
  111  8:12  Zealot x5  
  121  8:15  Stargate  
  121  8:18  Pylon  
  123  8:21  Nexus  
  123  8:22  Immortal  
  123  8:32  Probe  
  128  8:40  Zealot x3, High Templar x2  
  138  8:41  Pylon  
  138  8:42  Phoenix  
  138  8:44  Archon  
  138  8:48  Pylon  
  140  8:54  Probe x3, Robotics Bay  
  143  9:02  Zealot x4  
  149  9:07  Phoenix (Chrono Boost)  
  151  9:15  Phoenix (Chrono Boost)  
  153  9:19  Robotics Facility  
  153  9:20  Probe  
  153  9:21  Probe, Immortal  
  155  9:24  Pylon  
  159  9:31  Phoenix (Chrono Boost)  
  159  9:34  Protoss Ground Weapons Level 3  
  159  9:35  Assimilator  
  161  9:39  Assimilator  
  161  9:42  Phoenix (Chrono Boost)  
  161  9:44  Photon Cannon  
  161  9:53  Phoenix (Chrono Boost)  
  161  9:55  Disruptor  
  163  10:00  Photon Cannon  
  163  10:02  Photon Cannon, Pylon  
  163  10:06  Disruptor  
  171  10:15  Phoenix (Chrono Boost)  
  171  10:16  Phoenix (Chrono Boost)  
  171  10:23  Zealot x6  
  171  10:28  Disruptor  
  181  10:32  Photon Cannon  
  184  10:38  Zealot x2  
  184  10:41  Pylon  
  184  10:42  Warp Prism  
  190  10:44  Protoss Air Weapons Level 1  
  190  10:56  Photon Cannon  
  190  11:06  Nexus  
  190  11:09  Pylon  
  186  11:13  Disruptor  
  189  11:30  Photon Cannon  
  189  11:31  Photon Cannon  
  189  11:32  Disruptor  
  187  11:37  High Templar  
  187  11:38  High Templar x3  
  191  11:43  Archon  
  191  11:44  Zealot x4, Disruptor  
  186  11:48  Archon  
  153  12:06  Zealot x2  
  153  12:07  Zealot x2  
  129  12:10  Zealot x4  
  85  12:30  High Templar x4  
  85  12:32  High Templar  
  85  12:34  Zealot x3  
  85  12:35  Archon x2  
Show
View Real Time Build Order
Export as new Build Order

Strange Protoss - Winner!

Build Orders:  

Get SALT Encoding   

  12  0:01  Probe (Chrono Boost)  
  13  0:11  Probe (Chrono Boost)  
  14  0:16  Pylon  
  14  0:22  Probe (Chrono Boost)  
  15  0:35  Probe (Chrono Boost)  
  16  0:38  Gateway  
  16  0:43  Assimilator  
  16  0:46  Probe (Chrono Boost)  
  17  0:51  Assimilator  
  17  0:56  Probe (Chrono Boost)  
  18  1:07  Probe (Chrono Boost)  
  18  1:08  Gateway  
  19  1:17  Probe (Chrono Boost)  
  20  1:25  Cybernetics Core  
  20  1:28  Probe (Chrono Boost)  
  21  1:33  Pylon  
  21  1:38  Probe (Chrono Boost)  
  22  1:49  Probe (Chrono Boost)  
  23  2:02  Stalker, Mothership Core (Chrono Boost)  
  23  2:03  Stalker  
  29  2:11  Pylon  
  29  2:14  Warp Gate (Chrono Boost)  
  29  2:40  Nexus  
  29  2:44  Probe  
  30  2:52  Stalker  
  30  2:56  Probe  
  33  3:04  Stalker  
  35  3:13  Pylon, Probe  
  36  3:24  Sentry  
  36  3:26  Probe  
  39  3:32  Twilight Council  
  41  3:34  Sentry  
  41  3:38  Probe  
  42  3:50  Probe (Chrono Boost), Robotics Facility  
  42  3:52  Probe (Chrono Boost)  
  44  4:02  Probe (Chrono Boost)  
  45  4:04  Probe (Chrono Boost)  
  45  4:06  Blink (Chrono Boost)  
  46  4:13  Probe  
  46  4:14  Probe  
  48  4:25  Probe x2  
  48  4:27  Forge  
  50  4:32  Assimilator  
  50  4:35  Assimilator  
  50  4:37  Probe  
  51  4:39  Observer (Chrono Boost)  
  51  4:40  Probe  
  51  4:44  Pylon  
  53  4:49  Probe, Protoss Ground Weapons Level 1 (Chrono Boost)  
  53  4:52  Probe  
  52  5:02  Probe (Chrono Boost)  
  52  5:04  Probe (Chrono Boost)  
  52  5:06  Observer  
  56  5:15  Probe x2 (Chrono Boost), Sentry  
  59  5:26  Probe x2 (Chrono Boost)  
  61  5:30  Gateway  
  61  5:31  Immortal (Chrono Boost)  
  61  5:32  Gateway  
  65  5:37  Probe x2  
  65  5:40  Pylon  
  67  5:52  Nexus  
  67  5:57  Probe x2 (Chrono Boost)  
  67  6:03  Robotics Bay  
  69  6:09  Probe (Chrono Boost)  
  71  6:11  Probe (Chrono Boost)  
  71  6:12  Pylon  
  71  6:17  Immortal (Chrono Boost)  
  75  6:21  Probe (Chrono Boost)  
  75  6:22  Probe (Chrono Boost)  
  75  6:24  Pylon  
  77  6:30  Resonating Glaives  
  77  6:31  Protoss Ground Weapons Level 2  
  77  6:32  Probe  
  78  6:33  Probe  
  79  6:41  Stalker  
  79  6:42  Stalker  
  79  6:43  Stalker  
  79  6:44  Probe  
  86  6:53  Probe  
  87  6:55  Disruptor (Chrono Boost)  
  87  6:56  Probe  
  91  7:05  Probe  
  91  7:06  Probe  
  93  7:09  Probe  
  93  7:13  Assimilator  
  93  7:15  Assimilator  
  94  7:16  Pylon  
  94  7:17  Probe x2  
  96  7:24  Gateway  
  96  7:26  Gateway  
  96  7:27  Disruptor (Chrono Boost)  
  96  7:29  Probe, Pylon  
  99  7:30  Probe x2  
  102  7:41  Probe  
  102  7:42  Probe  
  102  7:43  Probe  
  105  7:51  Photon Cannon  
  105  7:54  Probe, Gateway  
  105  7:55  Probe, Gateway  
  111  7:59  Immortal (Chrono Boost)  
  111  8:12  Photon Cannon, Nexus  
  111  8:13  Pylon  
  111  8:15  Robotics Facility  
  111  8:21  Probe  
  111  8:22  Templar Archives  
  111  8:23  Probe x2  
  111  8:27  Stalker  
  116  8:30  Stalker  
  116  8:31  Stalker  
  116  8:32  Probe  
  121  8:34  Protoss Ground Weapons Level 3 (Chrono Boost)  
  121  8:35  Probe  
  121  8:36  Warp Prism (Chrono Boost)  
  124  8:43  Probe x2  
  124  8:44  Assimilator  
  124  8:48  Assimilator  
  126  8:49  Photon Cannon  
  126  8:52  Adept  
  126  8:55  Adept  
  129  8:56  Probe x2  
  131  9:03  High Templar  
  131  9:07  Pylon  
  133  9:10  Pylon  
  133  9:11  Pylon  
  141  9:24  Immortal (Chrono Boost)  
  141  9:28  Immortal (Chrono Boost), High Templar x5  
  141  9:29  High Templar x2  
  155  9:32  Archon x4  
  155  9:36  Forge, Probe  
  155  9:38  Probe  
  157  9:41  Photon Cannon  
  157  9:43  Photon Cannon  
  157  9:44  Pylon  
  155  9:58  Pylon  
  159  10:03  Immortal x2 (Chrono Boost)  
  163  10:08  High Templar x2  
  163  10:09  High Templar x2  
  163  10:12  Archon  
  163  10:14  Pylon, Archon  
  169  10:18  Adept x3  
  169  10:19  Adept  
  175  10:24  Protoss Shields Level 1 (Chrono Boost)  
  175  10:27  Pylon  
  175  10:29  Pylon  
  175  10:39  Immortal x2 (Chrono Boost)  
  175  10:41  Adept x6  
  195  10:44  Pylon  
  195  10:47  Photon Cannon  
  195  10:54  Charge  
  191  11:17  Stalker  
  191  11:18  Stalker x7  
  198  11:30  Nexus  
  198  11:33  Pylon  
  198  11:36  Assimilator  
  196  12:01  Stalker x8  
  157  12:26  Stalker x8  
  181  12:42  Photon Cannon  
  181  12:48  Photon Cannon  
Tags
 
Add a new tag
Caveats
  • Supply blocks, unpowered buildings, or Contaminate may cause inaccurate times.
  • Supply counts are checked every 10 seconds.